AoeStats
← WihtoriKosola

Arena

510566518Analyzed
4v4 RM · 2d ago on Oct 1, 2026· 42m 4s· 8 players
Game mode
Random Map
Map size
Large (8 player)
Population
200
Speed
Normal
Resources
Standard
Victory
Conquest
Starting age
Dark Age
Ending age
Imperial Age
RankedLock teamsTeams togetherTeam positionsShared explorationLock speedFull tech treeHidden civsTurbo modeCheats
Victory
Defeat
🇩🇪 Saxons · Germany
1192
+14
🇦🇷 Franks · Argentina
1186
+14
🇷🇴 Hindustanis · Romania
1179
+14
🇫🇮 Turks · Finland
1167
+15
🇨🇳 Turks · China
1180
-15
🇹🇼 Magyars · Taiwan
1150
-15
🇭🇰 Burgundians · Hong Kong SAR China
1135
-14
🇹🇼 Teutons · Taiwan
1121
-13
MessiahOVO
Kingssiu
0:26 Loom
11:28 Feudal Age
12:48 Horse Collar
15:30 Castle Age
13:42 Heavy Plow
14:08 Double-Bit Axe
15:19 Bow Saw
35:16 Cavalier
41:19 Scale Barding Armor
41:24 Forging
41:51 Husbandry
LocalMomsHelper
6:33 Loom
8:38 Feudal Age
9:21 Town Watch
10:17 Fletching
22:25 Castle Age
21:17 Double-Bit Axe
22:47 Scale Barding Armor
28:50 Horse Collar
31:05 Fortified Wall
32:34 Wheelbarrow
32:38 Town Patrol
33:13 Masonry
36:58 Imperial Age
35:52 Scale Mail Armor
36:02 Forging
36:07 Pikeman
36:48 Squires
36:33 Arson
37:04 Chain Mail Armor
37:06 Halberdier
38:41 Iron Casting
w2k8m1w2762
1:23 Loom
11:24 Feudal Age
16:45 Castle Age
14:54 Double-Bit Axe
16:30 Horse Collar
16:43 Gold Mining
16:43 Stone Mining
19:31 Bow Saw
20:32 Wheelbarrow
20:17 Heavy Plow
31:17 Imperial Age
29:05 Hand Cart
28:36 Town Watch
28:45 Fletching
29:08 Masonry
29:41 Bloodlines
29:31 Husbandry
30:09 Gold Shaft Mining
30:15 Forging
30:11 Scale Barding Armor
30:03 Bodkin Arrow
30:11 Padded Archer Armor
30:35 Treadmill Crane
30:52 Murder Holes
31:57 Iron Casting
31:45 Ballistics
32:09 Artillery
32:15 Artillery
34:46 Conscription
35:31 Architecture
36:05 Blast Furnace
35:21 Leather Archer Armor
35:27 Chain Barding Armor
35:56 Elite Janissary
36:57 Conscription
38:41 Ring Archer Armor
38:14 Bracer
40:42 Plate Barding Armor
40:32 Bombard Tower
RoaZorro
10:13 Feudal Age
11:42 Feudal Age
13:32 Double-Bit Axe
15:53 Castle Age
13:40 Horse Collar
16:17 Loom
29:03 Scale Mail Armor
30:40 Caravan
36:54 Imperial Age
35:31 Wheelbarrow
35:52 Grand Trunk Road
36:26 Hand Cart
36:51 Chain Mail Armor
37:40 Forging
38:54 Conscription
41:04 Chemistry
40:21 Shatagni
GuGu咕咕
10:55 Feudal Age
11:44 Double-Bit Axe
15:03 Castle Age
16:09 Bow Saw
16:37 Wheelbarrow
21:39 Scale Mail Armor
22:44 Loom
22:54 Gold Mining
22:49 Pikeman
26:07 Hand Cart
27:15 Stone Mining
28:01 Gold Shaft Mining
27:39 Scale Barding Armor
27:45 Forging
30:28 Imperial Age
29:08 Chain Barding Armor
28:51 Squires
29:08 Chain Mail Armor
29:19 Treadmill Crane
30:18 Iron Casting
29:47 Husbandry
32:20 Plate Barding Armor
31:06 Cavalier
33:02 Chemistry
32:08 Siege Engineers
31:25 Capped Ram
33:37 Blast Furnace
32:49 Fletching
33:30 Plate Mail Armor
34:34 Conscription
34:15 Chivalry
33:43 Paladin
34:02 Halberdier
34:27 Arson
36:00 Caravan
37:21 Town Watch
37:50 Bodkin Arrow
37:55 Padded Archer Armor
43:12 Coinage
Darth Joker2673
10:10 Feudal Age
14:29 Castle Age
12:43 Double-Bit Axe
14:49 Scale Mail Armor
14:33 Horse Collar
15:46 Squires
15:41 Arson
17:41 Wheelbarrow
23:24 Bow Saw
24:48 Heavy Plow
25:02 Gold Mining
26:26 Hand Cart
27:31 Gold Shaft Mining
26:47 Stone Mining
26:45 Gambesons
33:23 Imperial Age
30:39 Loom
30:45 Town Watch
31:26 Ballistics
30:47 Treadmill Crane
31:18 Masonry
31:03 Murder Holes
30:54 Man-at-Arms
30:55 Pikeman
31:49 Fortified Wall
31:29 Guard Tower
32:22 Chain Mail Armor
32:18 Forging
32:42 Town Patrol
34:29 Iron Casting
33:45 Fletching
33:53 Shield Wall
34:55 Conscription
33:59 Elite Varangian Guard
34:28 Capped Ram
35:45 Guilds
36:22 Plate Mail Armor
35:49 Bodkin Arrow
35:47 Shield Wall
35:48 Elite Hearth Troop
37:27 Padded Archer Armor
37:47 Siege Engineers
38:12 Architecture
38:43 Chemistry
38:00 Bracer
37:50 Arrowslits
39:17 Crop Rotation
38:19 Elite Skirmisher
39:20 Leather Archer Armor
40:24 Coinage
40:30 Ring Archer Armor
39:23 Shield Wall
40:59 Thumb Ring
43:01 Two-Man Saw
WihtoriKosola
12:04 Feudal Age
12:35 Loom
15:11 Fletching
23:00 Castle Age
31:34 Double-Bit Axe
34:33 Horse Collar
35:45 Bow Saw
36:57 Wheelbarrow
36:49 Heavy Plow
39:15 Hand Cart
Connection lost

Rejoining the realm…

Still unreachable

The connection could not be restored.

Session expired

The server has moved on; the page needs a fresh start.